 Dungeon Crawl Stone Soup version 0.30-a0-304-gdc4b735fe1 (webtiles) character file.

Game seed: 13240754757157843285

53 MrRokkomies the Sneak (level 3, -2/32 HPs)
             Began as an Armataur Brigand on Oct 20, 2022.
             Frozen to death by an endoplasm (5 damage)
             ... on level 1 of the Dungeon.
             The game lasted 00:02:28 (802 turns).

MrRokkomies the Sneak (Armataur Brigand)             Turns: 802, Time: 00:02:28

Health: -2/32      AC:  5    Str: 16    XL:     3   Next: 62%
Magic:  3/3        EV:  9    Int: 11    God:
Gold:   0          SH:  0    Dex: 13    Spells: 2/2 levels left

rFire   . . .      SeeInvis .    a - +2 dagger
rCold   . . .      Faith    .    (no shield)
rNeg    . . .      Spirit   .    b - +0 robe
rPois   .          Reflect  .    (no helmet)
rElec   .          Harm     .    c - +0 cloak
rCorr   .          Roll     +    (no gloves)
Will    .....                    (no barding)
Stlth   +++.......               (no amulet)
HPRegen 0.25/turn                (no ring)
MPRegen 0.08/turn                (no ring)

@: no status effects
A: large, rugged brown scales 3, deformed body, armoured tail, roll, long
tongue, awkward tongue
a: no special abilities


You were on level 1 of the Dungeon.
You visited 1 branch of the dungeon, and saw 2 of its levels.

Inventory:

Hand Weapons
 a - a +2 dagger (weapon)
Missiles
 d - 19 poisoned darts (quivered)
 e - 3 curare-tipped darts
 g - 5 javelins
Armour
 b - a +0 robe (worn)
 c - a +0 cloak (worn)


   Skills:
 * Level 2.5 Fighting
 * Level 2.5 Short Blades
 - Level 1.8 Throwing
 + Level 1.1 Dodging
 + Level 4.7 Stealth


You had 2 spell levels left.
You didn't know any spells.
Your spell library was empty.

Dungeon Overview and Level Annotations

Branches:
Dungeon (2/15)

Altars:

Annotations:
D:2 Robin


Innate Abilities, Weirdness & Mutations

You are completely covered in rugged brown scales. (AC +3, +7% HP)
Armour fits poorly on your strangely shaped body.
You have a long armoured tail.
You roll when moving toward enemies. (Rampage)
Your long tongue fully drains potion bottles. (2x potion effects)
Your tongue gives you trouble enunciating. (1.5x scroll delay)


Message History

(D) Dungeon
Where to? (Enter - D:2, ? - help)
You see here a frilled lizard skeleton.
There is a stone staircase leading down here.
You climb downwards.
Level annotation: Robin The goblin hits you but does no damage.
The gnoll hits you with a +0 flail.
There is a stone staircase leading up here.
Unknown command.
The endoplasm freezes you.
You are frozen.
The goblin closely misses you. Robin closely misses you.
The gnoll closely misses you.
You climb upwards.
There is a stone staircase leading down here.
You hit the goblin.
The goblin is moderately wounded.
The endoplasm freezes you.
You are frozen.
The goblin closely misses you. The gnoll hits you with a +0 flail!
You hit the goblin.
You kill the goblin!
The endoplasm freezes you.
You are frozen.
The gnoll closely misses you. The endoplasm attacks as you move away!
The endoplasm hits you but does no damage.
The gnoll hits you with a +0 flail!
* * * LOW HITPOINT WARNING * * *
Things that are here:
a +0 dagger; a +0 dagger; a goblin corpse You hit the gnoll.
The gnoll is lightly wounded.
The endoplasm hits you but does no damage.
The gnoll hits you with a +0 flail.
* * * LOW HITPOINT WARNING * * *
You hit the gnoll. You tail-slap the gnoll!
You kill the gnoll!
The endoplasm hits you but does no damage.
The endoplasm freezes you.
You are frozen.
You die...

###.).#...# #.###....######8..
....#####.# #......#.#8#8#8#..
###...#...# #.###.#..#........
###.#.### #.# ##.#.'.###...<
#...# ##.## ###.#........ #.###
#.[.# #.#8#8#8#.. #####..###
#...# ########8.. .........#
#...# #.....##.#
#........######)@.######..#..#8.#
#.#.......#^...J).....##.###.##.#
..............)..........###.#8.#
#.#.#..).##..(........##..#..##.#
#.#......######...######.....#8..
........## #...# #.....###'
######.## #...# #......... # #.#
#...# ##...####. # #.# ##.##
###.####..


You could see an endoplasm.

Vanquished Creatures
  A gnoll (D:1)
  A dart slug (D:1)
  3 endoplasms (D:1)
  7 goblins (D:1)
  3 hobgoblins
  7 jackals (D:1)
  A quokka (D:1)
  2 ball pythons (D:1)
  3 bats (D:1)
  3 frilled lizards (D:1)
  A kobold (D:1)
  5 rats (D:1)
37 creatures vanquished.

Notes
Turn   | Place    | Note
-------+----------+-------------------------------------------
     0 | D:1      | MrRokkomies the Armataur Brigand began the quest for the
                  | Orb.
     0 | D:1      | Reached XP level 1. HP: 18/18 MP: 1/1
    94 | D:1      | Reached XP level 2. HP: 25/25 MP: 2/2
   154 | D:1      | Reached skill level 1 in Dodging
   447 | D:1      | Reached XP level 3. HP: 28/31 MP: 3/3
   706 | D:2      | Noticed Robin
   802 | D:1      | Frozen to death by an endoplasm

Illustrated notes

Levels and vault maps discovered:
D:1:      heliophobic_arrival_ceremonial_halls, layout_loops_cross
D:2:      layout_rooms, minmay_tiny_reverse_x, uniq_terence, uniq_robin

Skill      XL: |  1  2 |
---------------+-------+-----
Fighting       | 2 |  2.5
Short Blades   | 2 |  2.5
Dodging        | 1 |  1.1
Throwing       | |  1.8
Stealth        | |  4.7

Action                   || total
-------------------------++-------
Melee: Dagger            ||    88
       Tailslap          ||     6
  Use: Scroll            ||     2
 Stab: Sleeping          ||    11
Armor: Robe              ||    46
Dodge: Dodged            ||    45

Table legend: (Time is in decaauts)
 A = Elapsed time spent in this place.
 B = Non-inter-level travel time spent in this place.
 C = Inter-level travel time spent in this place.
 D = Time resting spent in this place.
 E = Time spent auto-exploring this place.
 F = Levels seen in this place.
 G = Mean time per level.
                   A        B        C        D        E       F      G
               +--------+--------+--------+--------+--------+-----+--------+
         Total |    795 |    742 |     53 |     16 |    509 |   2 |  397.5 |
       Dungeon |    795 |    742 |     53 |     16 |    509 |   2 |  397.5 |
               +--------+--------+--------+--------+--------+-----+--------+

Top non-repeatable levels by time:
     D:1: 757 daAuts
     D:2: 38 daAuts
